 Dungeon Crawl Stone Soup version 0.24.0-125-gc4c63601f3 (webtiles) character file.

Game seed: 14750826752204735808, levelgen mode: deterministic

59 4FPSwarrior the Ducker (level 3, -2/19 HPs)
             Began as a Spriggan Fighter on Mar 8, 2020.
             Slain by a goblin
             ... wielding a +0 dagger
             ... led by Robin
              (4 damage)
             ... on level 2 of the Dungeon.
             The game lasted 00:06:05 (1480 turns).

4FPSwarrior the Ducker (Spriggan Fighter)           Turns: 1480, Time: 00:06:06

Health: -2/19      AC:  2    Str: 12    XL:     3   Next: 78%
Magic:  6/6        EV: 25    Int: 10    God:
Gold:   35         SH:  7    Dex: 20    Spells: 5/5 levels left

rFire    . . .     SeeInvis +   a - +0 rapier
rCold    . . .     Gourm    .   c - +0 buckler
rNeg     . . .     Faith    .   b - +0 robe
rPois    .         Spirit   .   (helmet restricted)
rElec    .         Reflect  .   (no cloak)
rCorr    .         Harm     .   (gloves unavailable)
MR       .....                  (boots unavailable)
Stlth    +++.......             (no amulet)
HPRegen  0.06/turn              (no ring)
MPRegen  0.10/turn              (no ring)

@: agile, very quick
A: very small, unfitting armour, see invisible, herbivore, speed 3, slow
metabolism 2
a: no special abilities


You were on level 2 of the Dungeon.
You were not hungry.

You visited 1 branch of the dungeon, and saw 2 of its levels.

You collected 35 gold pieces.

Inventory:

Hand Weapons
 a - a +0 rapier (weapon)
Missiles
 e - 33 stones (quivered)
Armour
 b - a +0 robe (worn)
 c - a +0 buckler (worn)
Scrolls
 g - 2 scrolls of identify {unknown}
 h - a scroll of immolation {unknown}
 j - a scroll of remove curse {unknown}
Potions
 d - 2 potions of might
Comestibles
 f - 3 rations


   Skills:
 + Level 2.8 Fighting
 + Level 2.8 Short Blades
 + Level 5.0 Dodging
 + Level 2.5 Shields
 + Level 1.6 Spellcasting


You had 5 spell levels left.
You didn't know any spells.
Your spell library was empty.

Dungeon Overview and Level Annotations

Branches:
Dungeon (2/15)

Altars:


Innate Abilities, Weirdness & Mutations

You are very small and have problems with some larger weapons.
You are too small for most types of armour.
You have supernaturally acute eyesight. (SInv)
You are a herbivore.
You cover ground extremely quickly.
You need to consume almost no food.


Message History

It was a potion of agility.
You feel agile all of a sudden.
The goblin shoots a stone.
The stone misses you.
The goblin shoots a stone.
The stone misses you.
You see here a rat corpse.
The goblin shoots a stone.
You block the stone.
You see here a stone.
The goblin unwields a +0 hunting sling.
You block the goblin's attack.
You puncture the goblin!
You kill the goblin!
The goblin shoots a stone.
You block the stone.
Things that are here:
a +0 hunting sling; a goblin corpse The goblin unwields a +0 hunting sling.
The goblin wields a +0 dagger.
The goblin barely misses you.
You hit the goblin but do no damage. The goblin hits you but does no damage.
You hit the goblin.
The goblin is severely wounded.
The goblin hits you with a +0 dagger.
You die...

...........##..g(.......
...........##......?....
...........##...........
......[.........##..#...
............(.......###.
........(....r.......# .
...........##....r.....
......g.(..##......#..#
..###..@.(.(.......# . .
#...).........##
#....(.......=.
#.........###
#..(......# #.†.......#
#(........# ###########


You could see a goblin.

Vanquished Creatures
  Robin (D:1)
  2 oozes (D:1)
  A dart slug (D:1)
  A leopard gecko (D:1)
  A giant cockroach (D:1)
  11 goblins
  4 hobgoblins (D:1)
  5 bats (D:1)
  3 kobolds (D:1)
  6 rats
35 creatures vanquished.

Notes
Turn   | Place    | Note
-------+----------+-------------------------------------------
     0 | D:1      | 4FPSwarrior the Spriggan Fighter began the quest for the
                  | Orb.
     0 | D:1      | Reached XP level 1. HP: 11/11 MP: 2/2
   505 | D:1      | Reached XP level 2. HP: 16/16 MP: 2/4
   599 | D:1      | Reached skill level 1 in Spellcasting
  1163 | D:1      | Reached XP level 3. HP: 18/19 MP: 5/5
  1332 | D:2      | Noticed Robin
  1426 | D:1      | Killed Robin
  1426 | D:1      | Reached skill level 5 in Dodging
  1480 | D:2      | Slain by a goblin

Levels and vault maps discovered:
D:1:      scummos_arrival_checkerplants, layout_basic
D:2:      layout_basic, uniq_sigmund, uniq_robin

Skill      XL: |  1  2  3 |
---------------+----------+-----
Spellcasting   | 1 |  1.6
Dodging        | 5 |  5.0
Fighting       | |  2.8
Short Blades   | |  2.8
Shields        | |  2.5

Action                   || total
-------------------------++-------
Melee: Rapier            ||   106
Throw: Stone             ||    62
  Use: Potion            ||     1
Armor: Robe              ||     3
Dodge: Dodged            ||    90
Block: Buckler           ||    32
